 Dungeon Crawl Stone Soup version 0.31.0-11-ge490571c62 (webtiles) character file.

Game seed: 15724412091086244792

826 Gobbopathe the Chopper (level 7, 0/60 HPs)
             Began as a Gnoll Cinder Acolyte on Feb 1, 2024.
             Was a High Priest of Ignis.
             Slain by a centaur (1 damage)
             ... on level 5 of the Dungeon.
             The game lasted 00:12:00 (4387 turns).

Gobbopathe the Chopper (Gnoll Cinder Acolyte)       Turns: 4387, Time: 00:12:00

Health: 0/60       AC: 14    Str: 15 (16) XL:     7   Next: 96%
Magic:  13/13      EV:  5    Int: 11 (13) God:    Ignis [*****.]
Gold:   223        SH: 10    Dex:  5 (7)  Spells: 12/14 levels left

rFire   + . .        a - +3 hand axe
rCold   . . .        s - +0 tower shield
rNeg    . . .        p - +0 scale mail
rPois   .            (no helmet)
rElec   .            (no cloak)
rCorr   .            (no gloves)
SInv    .            (no boots)
Will    .....        (no amulet) Stlth
                     j - +4 ring of protection
HPRegen 0.30/turn    r - +4 ring of protection
MPRegen 0.13/turn

%: no passive effects
@: mighty, lethally poisoned (0 -> -12), attractive, hasted, very quick
A: fangs 1, strong nose, distributed training
a: Renounce Religion, Fiery Armour, Foxfire Swarm, Rising Flame


You were on level 5 of the Dungeon.
You worshipped Ignis.
Ignis was extremely pleased with you.
You visited 1 branch of the dungeon, and saw 5 of its levels.

You collected 223 gold pieces.

Inventory:

Hand Weapons
 a - a +3 hand axe (weapon)
 b - a +0 sling
 w - a -1 hand axe of flaming
Missiles
 e - 24 stones (quivered)
 t - 2 poisoned darts
 v - 6 curare-tipped darts
 A - 2 boomerangs
Armour
 p - a +0 scale mail (worn)
 s - a +0 tower shield (worn)
Jewellery
 j - a +4 ring of protection (left hand)
 r - a +4 ring of protection (right hand)
 y - a ring of poison resistance
Talismans
 k - a blade talisman
Wands
 l - a wand of mindburst (20)
 o - a wand of charming (9)
 B - a wand of flame (13)
Scrolls
 c - 4 scrolls of revelation {unknown}
 d - 9 scrolls of identify {unknown}
 f - a scroll of enchant armour {unknown}
 g - 3 scrolls of noise {unknown}
 i - 2 scrolls of enchant weapon {unknown}
 n - a scroll of amnesia {unknown}
Potions
 h - a potion of haste
 q - a potion of mutation {unknown}
 u - a potion of heal wounds {unknown}


   Skills:
 + Level 7.2 Fighting
 + Level 2.9 Short Blades
 + Level 2.9 Long Blades
 + Level 7.2 Axes
 + Level 2.9 Maces & Flails
 + Level 2.9 Polearms
 + Level 2.9 Staves
 + Level 2.9 Ranged Weapons
 + Level 2.9 Throwing
 + Level 2.9 Armour
 + Level 2.9 Dodging
 + Level 2.9 Stealth
 + Level 2.9 Shields
 + Level 2.9 Unarmed Combat
 + Level 4.1 Spellcasting
 + Level 2.3 Conjurations
 + Level 2.3 Hexes
 + Level 2.3 Summonings
 + Level 2.3 Necromancy
 + Level 2.3 Translocations
 + Level 6.0 Fire Magic
 + Level 2.3 Ice Magic
 + Level 2.3 Air Magic
 + Level 2.3 Earth Magic
 + Level 2.3 Alchemy
 + Level 3.2 Invocations
 + Level 2.9 Evocations
 + Level 2.6 Shapeshifting


You had 12 spell levels left.
You knew the following spells:

 Your Spells              Type           Power      Damage    Failure   Level
a - Scorch                Fire           30%        2d6       83%         2

Your spell library contained the following spells:

 Spells                   Type           Power      Damage    Failure   Level
 Freeze                   Ice            28%        1d5       99%         1
 Ensorcelled Hibernation  Hex/Ice        14%        N/A       100%        2
 Frozen Ramparts          Ice            14%        1d3       100%        3
 Hailstorm                Conj/Ice       7%         3d5       100%        3
 Ozocubu's Refrigeration  Ice            3%         4d8       100%        7
 Fire Storm               Conj/Fire      5%         8d2       100%        9


Dungeon Overview and Level Annotations

Branches:
Dungeon (5/15) Zot: 25527
 Temple: D:4-7

Altars:
Gozag
Sif Muna


Innate Abilities, Weirdness & Mutations

You have very sharp teeth.
Your uncanny sense of smell can sniff out nearby items.
Your experience applies equally to all skills.


Message History

Things that are here:
a +0 falchion; a +0 leather armour; an orc corpse
A - 2 boomerangs;
B - a wand of flame (13)
Items here: )) [ ††.
Found 3 stones.
A centaur comes into view.
Found a scroll labelled RYDYISTR QOIR.
The centaur shouts!
You hear an angry hiss.
The centaur wields a +0 orcbow.
The centaur shoots an arrow.
You block the arrow.
The centaur shoots an arrow.
The arrow hits you!
A scorpion comes into view.
You hear the slow rusting of a distant drain.
The centaur shoots an arrow.
The arrow hits you.
* * * LOW HITPOINT WARNING * * *
The centaur shoots an arrow.
The arrow hits you.
* * * LOW HITPOINT WARNING * * *
The centaur shoots an arrow.
The arrow hits you!
* * * LOW HITPOINT WARNING * * *
It was a potion of haste.
You feel yourself speed up.
h - a potion of haste;
i - 2 scrolls labelled JYNYORONK You block the scorpion's attack.
It was a potion of degeneration.
There was something very wrong with that liquid.
You feel weakened.
You feel dopey.
You feel clumsy.
The centaur unwields a +0 orcbow.
You block the centaur's attack. The centaur closely misses you.
It was a potion of attraction.
You feel attractive to monsters.
The scorpion stings you but does no damage.
The centaur hits you but does no damage.
The centaur kicks you but does no damage.
It was a potion of might.
You feel very mighty all of a sudden. The scorpion stings you.
* * * LOW HITPOINT WARNING * * *
You are lethally poisoned!
The scorpion poisons you!
The centaur hits you but does no damage.
The centaur kicks you.
You die...

#.# #.# # #.# #.#
# #.# #.# #.# #.#
#.# #.#
#.#####..##
#........(###
#####.s.....##
#..@....... #
##.c.....## ##.
##.....## ##.#
##...##########...
#?####..........
##.###...#####.#.
.........# #>##
##.#.<.## #.##
#......# #.#


You could see a centaur and a scorpion.

Vanquished Creatures
  An ice beast (D:5)
  An ogre (D:4)
  3 scorpions (D:4)
  A bombardier beetle (D:5)
  3 orc priests
  2 hounds
  2 orc wizards
  8 gnolls (D:4)
  6 adders
  2 ufetubi (D:4)
  A ribbon worm (D:2)
  10 orcs
  13 ball pythons
  7 bats
  8 endoplasms
  A giant cockroach (D:3)
  9 goblins
  6 hobgoblins
  9 jackals
  3 kobolds
  4 quokkas
  3 frilled lizards
  3 rats
106 creatures vanquished.

Notes
Turn   | Place    | Note
-------+----------+-------------------------------------------
     0 | D:1      | Gobbopathe the Gnoll Cinder Acolyte began the quest for the
                  | Orb.
     0 | D:1      | Reached XP level 1. HP: 23/23 MP: 4/4
   190 | D:1      | Reached XP level 2. HP: 29/29 MP: 5/5
   197 | D:1      | Learned a level 2 spell: Scorch
   424 | D:1      | Got Vv's Tome of the Arsonist and the Tundra
   881 | D:2      | Reached XP level 3. HP: 10/35 MP: 7/7
  1098 | D:2      | Reached skill level 1 in Invocations
  1208 | D:2      | Reached skill level 1 in Short Blades
  1208 | D:2      | Reached skill level 1 in Long Blades
  1208 | D:2      | Reached skill level 1 in Maces & Flails
  1208 | D:2      | Reached skill level 1 in Polearms
  1208 | D:2      | Reached skill level 1 in Staves
  1208 | D:2      | Reached skill level 1 in Ranged Weapons
  1208 | D:2      | Reached skill level 1 in Throwing
  1208 | D:2      | Reached skill level 1 in Armour
  1208 | D:2      | Reached skill level 1 in Dodging
  1208 | D:2      | Reached skill level 1 in Stealth
  1208 | D:2      | Reached skill level 1 in Shields
  1208 | D:2      | Reached skill level 1 in Unarmed Combat
  1208 | D:2      | Reached skill level 1 in Evocations
  1484 | D:2      | Reached skill level 1 in Shapeshifting
  1484 | D:2      | Reached XP level 4. HP: 41/41 MP: 8/8
  2122 | D:3      | Reached skill level 1 in Conjurations
  2122 | D:3      | Reached skill level 1 in Hexes
  2122 | D:3      | Reached skill level 1 in Summonings
  2122 | D:3      | Reached skill level 1 in Necromancy
  2122 | D:3      | Reached skill level 1 in Translocations
  2122 | D:3      | Reached skill level 1 in Ice Magic
  2122 | D:3      | Reached skill level 1 in Air Magic
  2122 | D:3      | Reached skill level 1 in Earth Magic
  2122 | D:3      | Reached skill level 1 in Alchemy
  2152 | D:3      | Found a shimmering blue altar of Sif Muna.
  2184 | D:3      | Found an opulent altar of Gozag.
  2428 | D:3      | Found a faded altar of an unknown god.
  2778 | D:4      | Noticed a scorpion
  2839 | D:4      | Noticed a scorpion
  2851 | D:4      | Killed a scorpion
  2852 | D:4      | Reached XP level 5. HP: 47/47 MP: 9/9
  2902 | D:4      | Noticed an ogre
  3028 | D:4      | Reached XP level 6. HP: 19/53 MP: 11/11
  3489 | D:4      | Reached XP level 7. HP: 58/60 MP: 12/12
  4127 | D:5      | Entered Level 5 of the Dungeon
  4387 | D:5      | HP: 1/60 [scorpion (5)]
  4387 | D:5      | Slain by a centaur

Illustrated notes

Levels and vault maps discovered:
D:1:      sevenhm_arrival_forest_fort_large_4, layout_rooms,
          minmay_misc_feat_enclosed
D:2:      layout_loops_corners
D:3:      layout_rooms, mainiacjoe_overflow_paths,
          mainiacjoe_overflow_boulevard, ebering_ecumenical_altar_ruins,
          kennysheep_generic_room_2
D:4:      layout_basic, serial_rivers, chequers_serial_rivers_large_b,
          chequers_serial_rivers_large_a, chequers_serial_rivers_room_a,
          chequers_serial_rivers_small_3, grunt_decor_resistance, corexii_shack
D:5:      layout_loops_ring, lemuel_mausoleum_altar_kikubaaqudgha,
          lightli_temple_of_fire, portal_sewer_entry_f,
          minmay_misc_feat_secret_circle

Skill      XL: |  1  2  3  4  5  6  7 |
---------------+----------------------+-----
Invocations    | 1 2 3 |  3.2
Short Blades   | 1 2 |  2.9
Long Blades    | 1 2 |  2.9
Maces & Flails | 1 2 |  2.9
Polearms       | 1 2 |  2.9
Staves         | 1 2 |  2.9
Ranged Weapons | 1 2 |  2.9
Throwing       | 1 2 |  2.9
Armour         | 1 2 |  2.9
Dodging        | 1 2 |  2.9
Stealth        | 1 2 |  2.9
Shields        | 1 2 |  2.9
Unarmed Combat | 1 2 |  2.9
Evocations     | 1 2 |  2.9
Shapeshifting  | 1 2 |  2.6
Spellcasting   | 3 4 |  4.1
Conjurations   | 1 2 |  2.3
Hexes          | 1 2 |  2.3
Summonings     | 1 2 |  2.3
Necromancy     | 1 2 |  2.3
Translocations | 1 2 |  2.3
Ice Magic      | 1 2 |  2.3
Air Magic      | 1 2 |  2.3
Earth Magic    | 1 2 |  2.3
Alchemy        | 1 2 |  2.3
Fighting       | 7 |  7.2
Axes           | 7 |  7.2
Fire Magic     | 6 |  6.0

Action                     |  1- 3 |  4- 6 |  7- 9 || total
---------------------------+-------+-------+-------++-------
  Melee: Hand axe          |   113 |   187 |   103 ||   403
         Bite              |     3 |    14 |    12 ||    29
         Punch             |     1 |     1 |       ||     2
  Throw: Stone             |     2 |    18 |     2 ||    22
         Dart              |       |     4 |     2 ||     6
    Use: Potion            |       |       |     4 ||     4
   Stab: Sleeping          |     1 |       |       ||     1
 Armour: Robe              |    68 |    29 |       ||    97
         Scale mail        |       |   118 |    87 ||   205
  Dodge: Dodged            |    51 |   101 |    23 ||   175
  Block: Tower shield      |       |    30 |    60 ||    90
         Form:             |       |     1 |       ||     1
         Blade             |       |     1 |       ||     1
